 Dungeon Crawl Stone Soup version 0.23-a0-644-gb60d84b (webtiles) character file.

189 Borgoz the Sneak (level 6, -1/39 HPs)
             Began as a Halfling Assassin on Jan 1, 2019.
             Slain by Crazy Yiuf
             ... wielding a +3 quarterstaff of chaos
              (8 damage)
             ... on level 3 of the Dungeon.
             The game lasted 00:05:20 (2988 turns).

Borgoz the Sneak (Halfling Assassin)                Turns: 2988, Time: 00:05:20

Health: -1/39      AC:  4    Str: 12    XL:     6   Next: 0%
Magic:  6/6        EV: 15    Int: 10    God:
Gold:   181        SH:  0    Dex: 17    Spells: 5/5 levels left

rFire    . . .     SeeInvis .   a - +3 dagger
rCold    . . .     Gourm    .   (shield restricted)
rNeg     . . .     Faith    .   c - +1 robe
rPois    .         Spirit   .   (no helmet)
rElec    .         Reflect  .   d - +0 cloak
rCorr    .         Harm     .   (no gloves)
MR       .....                  (no boots)
Stlth    ++++......             t - amulet of regeneration
HPRegen  0.53/turn              (no ring)
MPRegen  0.10/turn              (no ring)

@: no status effects
A: small, mutation resistance 1
a: no special abilities


You were on level 3 of the Dungeon.
You were not hungry.

You visited 1 branch of the dungeon, and saw 3 of its levels.

You collected 181 gold pieces.

Inventory:

Hand Weapons
 a - a +3 dagger (weapon)
 b - a +0 blowgun
 u - a +0 hunting sling of flaming
Missiles
 e - 57 poisoned needles
 f - 2 curare-tipped needles
 v - 53 stones (quivered)
Armour
 c - a +1 robe (worn)
 d - a +0 cloak (worn)
Jewellery
 q - an uncursed amulet of the acrobat
 t - an amulet of regeneration (around neck)
Scrolls
 i - 2 scrolls of enchant armour
 k - 4 scrolls of fear
 n - 2 scrolls of remove curse
Potions
 h - 2 potions of heal wounds
 j - a potion of resistance {unknown}
 o - 3 potions of flight
 p - a potion of degeneration {unknown}
 r - a potion of agility {unknown}
 s - 2 potions of magic
Comestibles
 g - 8 rations


   Skills:
 + Level 2.0 Fighting
 * Level 3.8 Short Blades
 + Level 2.1 Throwing
 * Level 2.0 Dodging
 * Level 6.7 Stealth


You had 5 spell levels left.
You didn't know any spells.
Your spell library was empty.

Dungeon Overview and Level Annotations

Branches:
Dungeon (3/15)

Altars:

Annotations:
D:3 Crazy Yiuf


Innate Abilities, Weirdness & Mutations

You are small and have problems with some larger weapons.
You are somewhat resistant to further mutation.


Message History

Your surroundings suddenly seem different.
Crazy Yiuf is too close now for your liking.
Crazy Yiuf shouts!
Crazy Yiuf hits you with a +3 quarterstaff of chaos!
Crazy Yiuf freezes you.
You hit Crazy Yiuf but do no damage.
Crazy Yiuf is moderately wounded.
Crazy Yiuf hits you with a +3 quarterstaff of chaos!
Crazy Yiuf draws strength from your wounds!
You hit Crazy Yiuf.
Crazy Yiuf is severely wounded.
You hit Crazy Yiuf.
Crazy Yiuf is severely wounded.
Crazy Yiuf grits, "Leather!
Snurf snail spinner."
Crazy Yiuf hits you with a +3 quarterstaff of chaos!
* * * LOW HITPOINT WARNING * * *
You hit Crazy Yiuf.
Crazy Yiuf is almost dead.
Crazy Yiuf hits you with a +3 quarterstaff of chaos!
You die...

#.##.# #..# ########.##.# #..#
.........##.# #..#
###########.# #..# ....# ###
#.<# ##### ######.### ....#
♣♣♣♣♣##........# #####
####*♣♣♣.♣....#####.#.# ....#
#)))#♣))♣g@....## #.#.# ....#
#..g')♣♣♣♣......###.#.### ....#
#)..#♣♣ ♣♣............># ....#
####* ♣♣#######.#.#.# ....#
#.#.#.# ..†.# ######.#.#.#
....######### ### #......#.#.#
####......#.###.#########.#.#.#
# #......#.......# #.....#.#.#


You could see Crazy Yiuf.

Vanquished Creatures
  Natasha (D:2)
  2 orc wizards (D:3)
  3 gnolls (D:2)
  An adder (D:3)
  An ooze (D:3)
  3 worms
  2 dart slugs (D:1)
  2 leopard geckos
  An orc (D:3)
  A ball python (D:1)
  5 bats
  3 giant cockroaches
  4 goblins
  5 hobgoblins
  6 jackals
  5 kobolds
  A quokka (D:2)
  6 frilled lizards
  6 rats
58 creatures vanquished.

Notes
Turn   | Place    | Note
-------+----------+-------------------------------------------
     0 | D:1      | Borgoz the Halfling Assassin began the quest for the Orb.
     0 | D:1      | Reached XP level 1. HP: 14/14 MP: 1/1
   119 | D:1      | Reached XP level 2. HP: 18/19 MP: 2/2
   154 | D:1      | Reached skill level 5 in Stealth
   249 | D:1      | Reached XP level 3. HP: 24/24 MP: 3/3
   617 | D:2      | Reached XP level 4. HP: 10/29 MP: 4/4
  1262 | D:2      | Noticed Natasha
  1280 | D:2      | Killed Natasha
  1280 | D:2      | Reached skill level 6 in Stealth
  1280 | D:2      | Reached XP level 5. HP: 23/34 MP: 5/5
  2021 | D:3      | Found a runed door.
  2572 | D:3      | Reached XP level 6. HP: 28/39 MP: 6/6
  2964 | D:3      | Noticed Crazy Yiuf
  2988 | D:3      | Slain by Crazy Yiuf

Vault maps used:
D:1:      minmay_arrival_open_corners
D:2:      chequers_serial_rivers_micro_b, kennysheep_crisscross, uniq_natasha
D:3:      uniq_crazy_yiuf_cottage

Skill      XL: |  1  2  3  4  5 |
---------------+----------------+-----
Stealth        | 5 6 |  6.7
Short Blades   | 3 |  3.8
Fighting       | 2 |  2.0
Dodging        | 2 |  2.0
Throwing       | |  2.1

Action                   |  1- 3 |  4- 6 || total
-------------------------+-------+-------++-------
Melee: Dagger            |    69 |   120 ||   189
 Fire: Blowgun           |     6 |       ||     6
  Use: Potion            |       |     1 ||     1
       Scroll            |       |     8 ||     8
 Stab: Sleeping          |    13 |    12 ||    25
  Eat: Chunk             |       |     3 ||     3
       Ration            |       |     1 ||     1
Armor: Robe              |     7 |     9 ||    16
Dodge: Dodged            |    38 |    63 ||   101

Table legend:
 A = Non-vault XP
 B = Vault XP
 C = Vault XP percentage of total XP
 D = Non-vault monster count
 E = Vault monster count
 F = Vault count percentage of total count
                 A         B        C        D         E       F
            +---------+---------+-------+---------+---------+-------
      Total |     235 |      35 |  13.0 |      57 |       1 |   1.7
            +---------+---------+-------+---------+---------+-------
        D:1 |      40 |       0 |   0.0 |      20 |       0 |   0.0
        D:2 |      81 |      35 |  30.2 |      20 |       1 |   4.8
        D:3 |     114 |       0 |   0.0 |      17 |       0 |   0.0
            +---------+---------+-------+---------+---------+-------
